 Dungeon Crawl Stone Soup version 0.29.1-1-gd02db6906a (webtiles) character file.

Game seed: 16981515283872973752

250 Aibolit the Trooper (level 5, -9/44 HPs)
             Began as a Palentonga Fighter on Sept 24, 2022.
             Engulfed by a cloud of flame (18 damage)
             ... on level 3 of the Dungeon.
             The game lasted 00:10:11 (2232 turns).

Aibolit the Trooper (Palentonga Fighter)            Turns: 2232, Time: 00:10:12

Health: -9/44      AC: 11    Str: 25    XL:     5   Next: 88%
Magic:  5/5        EV:  8    Int:  8    God:
Gold:   1525       SH:  5    Dex: 17    Spells: 4/4 levels left

rFire   . . .      SeeInvis +   k - +2 short sword (speed)
rCold   + . .      Faith    .   c - +0 buckler
rNeg    . . .      Spirit   .   l - +7 leather armour "Mixeheuno" {rC+ Str+3 Dex+4}
rPois   .          Reflect  .   (no helmet)
rElec   .          Harm     .   (no cloak)
rCorr   .          Rampage  .   (no gloves)
Will    .....                   (no barding)
Stlth   +.........              (no amulet)
HPRegen 0.14/turn               (no ring)
MPRegen 0.09/turn               (no ring)

@: mighty
A: large, rugged brown scales 3, see invisible, deformed body, roll 1, armoured
tail, talons 1, agile 1
a: Rolling Charge


You were on level 3 of the Dungeon.
You visited 1 branch of the dungeon, and saw 3 of its levels.

You collected 1525 gold pieces.

Inventory:

Hand Weapons
 k - a +2 short sword of speed (weapon)
Missiles
 b - a throwing net
 g - 21 stones
Armour
 c - a +0 buckler (worn)
 l - the +7 leather armour "Mixeheuno" (worn) {rC+ Str+3 Dex+4}
   (You found it on level 2 of the Dungeon)

   Str:       It affects your strength (+3).
   Dex:       It affects your dexterity (+4).
   rC:        It protects you from cold.
 m - the +1 scale mail of the Vaults {Str+4}
   (You found it on level 2 of the Dungeon)

   Str:       It affects your strength (+4).
Scrolls
 f - 3 scrolls of teleportation
 n - a scroll of amnesia
Potions
 e - a potion of mutation
 h - a potion of haste
 o - a potion of lignification


   Skills:
 + Level 3.7 Fighting
 + Level 2.2 Short Blades
 + Level 3.2 Maces & Flails
 + Level 3.4 Armour
 + Level 0.3 Dodging
 + Level 0.3 Stealth
 + Level 3.3 Shields


You had 4 spell levels left.
You didn't know any spells.
Your spell library contained the following spells:

 Spells                   Type           Power      Damage    Failure   Level
 Sandblast                Erth           0%         2d4       52%         1
 Passwall                 Tmut/Erth      0%         N/A       67%         2
 Stone Arrow              Conj/Erth      0%         3d7       88%         3


Dungeon Overview and Level Annotations

Branches:
Dungeon (3/15)

Altars:


Innate Abilities, Weirdness & Mutations

You are completely covered in rugged brown scales. (AC +3, +7% HP)
You have supernaturally acute eyesight. (SInv)
Armour fits poorly on your strangely shaped body.
You can roll at nearby foes to attack.
You have a long armoured tail.
You have sharp toenails.
You are agile. (Dex +4, Str/Int -1)


Message History

You hit Sigmund. Your kick misses Sigmund.
Sigmund is heavily wounded.
Your surroundings suddenly seem different.
You start resting.
Sigmund is nearby!
You feel very mighty all of a sudden.
You start resting.
Sigmund is nearby!
Read: scroll of immolation
Press: ? - help, Q - select action, (/) - cycle Dir - look around, f - activate Look: Sigmund, wielding a +2 vorpal scythe and wearing a +0 robe (moderately wounded, susceptible)
As you read the scroll of immolation, it crumbles to dust.
The creatures around you are filled with an inner flame!
Sigmund casts a spell.
Sigmund flickers and vanishes for a moment.
Sigmund points at you and mumbles some strange words.
The puff of flame hits you.
Sigmund is suddenly surrounded by pale blue light.
Sigmund barely misses you. You block Sigmund's attack.
You completely miss Sigmund.
Sigmund is moderately wounded.
You closely miss Sigmund. Your kick misses Sigmund.
Sigmund is moderately wounded.
Sigmund points at you and mumbles some strange words.
You resist with some effort.
You barely miss Sigmund.
Sigmund is moderately wounded.
You closely miss Sigmund.
Flame seeps out of Sigmund.
You tail-slap Sigmund!
Sigmund is almost dead.
Sigmund is engulfed in blazing flames.
Sigmund explodes!
The fiery explosion engulfs you!!
Ouch! That really hurt!
* * * LOW HITPOINT WARNING * * *
Your Short Blades skill gained 2 levels and is now at level 2!
Your Maces & Flails skill increases to level 3!
You have reached level 5!
You are engulfed in blazing flames.
You die...

#.....###.##.....##
#.J...# #.###...##
#.....# #.# ##'##
#.....###.# #@#
#.........# #J#
###.####### #.##
#.# ...#
#§########.....
#§@§............
##########.......
##....... ##...####


You could see an endoplasm.

Vanquished Creatures
  Sigmund (D:3)
  An adder (D:3)
  A worm (D:2)
  An orc (D:3)
  6 ball pythons
  4 endoplasms
  6 giant cockroaches
  7 goblins
  6 hobgoblins
  3 jackals (D:2)
  5 quokkas
  A bat (D:1)
  4 frilled lizards
  7 kobolds
  6 rats
59 creatures vanquished.

Notes
Turn   | Place    | Note
-------+----------+-------------------------------------------
     0 | D:1      | Aibolit the Palentonga Fighter began the quest for the Orb.
     0 | D:1      | Reached XP level 1. HP: 19/19 MP: 1/1
   388 | D:1      | Reached XP level 2. HP: 20/25 MP: 2/2
   525 | D:1      | Gained mutation: You have sharp toenails. [potion of
                  | mutation]
   525 | D:1      | Gained mutation: You are agile. (Dex +4, Str/Int -1)
                  | [potion of mutation]
   793 | D:1      | Found a faded altar of an unknown god.
  1052 | D:2      | Reached XP level 3. HP: 24/31 MP: 3/3
  1319 | D:2      | Identified the +7 leather armour "Mixeheuno" {rC+ Str+3
                  | Dex+4}
  1335 | D:2      | Identified the +1 scale mail of the Vaults {Str+4}
  1413 | D:2      | Identified 2 scrolls of acquirement
  1413 | D:2      | Acquired 766 gold pieces
  1428 | D:2      | Acquired 604 gold pieces
  1901 | D:3      | Reached XP level 4. HP: 37/37 MP: 4/4
  2185 | D:3      | Noticed Sigmund
  2231 | D:3      | Killed Sigmund
  2232 | D:3      | Reached XP level 5. HP: 9/44 MP: 5/5
  2232 | D:3      | Engulfed by a cloud of flame

Illustrated notes

Levels and vault maps discovered:
D:1:      minmay_arrival_stair_chambers, layout_basic,
          hellmonk_ecumenical_altar_blasted
D:2:      layout_basic, uniq_crazy_yiuf_cottage
D:3:      layout_loops_corners, uniq_sigmund, uniq_robin

Skill      XL: |  1  2  3  4 |
---------------+-------------+-----
Shields        | 3 |  3.3
Armour         | 3 |  3.4
Short Blades   | 2 |  2.2
Maces & Flails | 3 |  3.2
Fighting       | |  3.7
Dodging        | |  0.3
Stealth        | |  0.3

Action                   |  1- 3 |  4- 6 || total
-------------------------+-------+-------++-------
Melee: Flail             |    30 |       ||    30
       Tailslap          |    22 |     2 ||    24
       Short sword       |   113 |    30 ||   143
       Kick              |    32 |     7 ||    39
  Use: Potion            |     3 |     1 ||     4
       Scroll            |     6 |     2 ||     8
Armor: Scale mail        |    41 |       ||    41
       Leather armour    |     3 |    10 ||    13
Dodge: Dodged            |    41 |     7 ||    48
Block: Buckler           |    19 |     6 ||    25
